[ AOE2 MATCH · #473918059 ]
Team RMPersians vs Britons
[ REPLAY ANALYSIS · EXTRACTED FROM THE RECORDED GAME ]
Feudal
10:07
Castle
24:07
Imperial
43:32
| APM avg | 39.8 |
| APM peak | 110 |
| eAPM avg | 18.6 |
| Villagers / military | 107 / 95 |
Focus
⚔️ 34.5% · 🌾 65.5%
Knight ×59 · Scout Cavalry ×33 · Spearman ×2 · Monk ×1
Feudal
8:53
Castle
23:49
Imperial
41:22
| APM avg | 62.9 |
| APM peak | 110 |
| eAPM avg | 24.9 |
| Villagers / military | 109 / 170 |
Focus
⚔️ 43.9% · 🌾 56.1%
Archer ×169 · Trebuchet (Packed) ×1
Feudal
9:49
Castle
23:49
Imperial
—
| APM avg | 51.0 |
| APM peak | 99 |
| eAPM avg | 16.5 |
| Villagers / military | 121 / 119 |
Focus
⚔️ 34.1% · 🌾 65.9%
Knight ×88 · Scout Cavalry ×31
Feudal
9:20
Castle
23:12
Imperial
41:32
| APM avg | 70.0 |
| APM peak | 126 |
| eAPM avg | 24.8 |
| Villagers / military | 141 / 133 |
Focus
⚔️ 26.1% · 🌾 73.9%
Knight ×113 · Scout Cavalry ×19 · Monk ×1
Feudal
9:16
Castle
26:44
Imperial
—
| APM avg | 47.4 |
| APM peak | 87 |
| eAPM avg | 15.1 |
| Villagers / military | 100 / 115 |
Focus
⚔️ 41.9% · 🌾 58.1%
Archer ×115
Feudal
9:09
Castle
21:38
Imperial
44:04
| APM avg | 51.8 |
| APM peak | 94 |
| eAPM avg | 24.3 |
| Villagers / military | 148 / 113 |
Focus
⚔️ 30.8% · 🌾 69.2%
Steppe Lancer ×102 · Scout Cavalry ×10 · Monk ×1
Feudal
12:06
Castle
21:12
Imperial
39:50
| APM avg | 71.0 |
| APM peak | 131 |
| eAPM avg | 23.5 |
| Villagers / military | 143 / 265 |
Focus
⚔️ 39.8% · 🌾 60.2%
Archer ×204 · Elephant Archer ×50 · Trebuchet (Packed) ×5 · Militia ×3 · Skirmisher ×3
Feudal
9:26
Castle
25:39
Imperial
41:19
| APM avg | 69.6 |
| APM peak | 121 |
| eAPM avg | 38.2 |
| Villagers / military | 73 / 157 |
Focus
⚔️ 69.9% · 🌾 30.1%
Archer ×152 · Spearman ×4 · Monk ×1
Match map
Initial resources + every placement click. Lines = walls · curves = elevation contours. ◆ gold · ⬟ stone · ● berries · ✦ relic · ◌ wall gap
Your base· Open — 7t gap
OS | Gr0uch0_'s base· ✓ Closed at 23:49 · 27t walls · no gate
Msp's base· ✓ Closed at 23:49 · 45t walls · no gate
Dark Horse's base· Open — unwalled flank
atchoubaka's base· Open — unwalled flank
OS | Pierovic's base· Open — 6t gap
Evol_'s base· Open — 6t gap
Boost'Hate John's base· Open — 4t gap
Smoothed initial terrain · ◌ = detected wall gap · hover for details
Inputs per minute
— g2b - - OS | Gr0uch0_
Build order — g2b
First 150 of 327 actions detected
| 0:00 | Create | Villager (Male) |
| 0:01 | Create | Villager (Male) |
| 0:02 | Build | House |
| 0:03 | Build | House |
| 0:08 | Create | Villager (Male) |
| 0:08 | Create | Villager (Male) |
| 0:09 | Create | Villager (Male) |
| 1:20 | Create | Villager (Male) |
| 1:49 | Build | Lumber Camp |
| 2:01 | Create | Villager (Male) |
| 2:23 | Create | Villager (Male) |
| 3:04 | Create | Villager (Male) |
| 3:27 | Create | Villager (Male) |
| 3:30 | Build | Mill |
| 3:40 | Create | Villager (Male) |
| 4:11 | Build | House |
| 4:16 | Create | Villager (Male) |
| 4:42 | Build | Mill |
| 4:49 | Create | Villager (Male) |
| 5:11 | Create | Villager (Male) |
| 5:38 | Create | Villager (Male) |
| 5:45 | Build | House |
| 6:00 | Create | Villager (Male) |
| 6:15 | Create | Villager (Male) |
| 6:18 | Build | House |
| 6:34 | Create | Villager (Male) |
| 6:54 | Create | Villager (Male) |
| 7:30 | Research | Loom |
| 8:03 | Research | Feudal Age |
| 9:11 | Build | Barracks |
| 9:13 | Build | Palisade Wall |
| 9:40 | Create | Villager (Male) |
| 10:07 | Age | Feudal Age |
| 10:09 | Create | Villager (Male) |
| 10:13 | Build | Stable |
| 10:16 | Research | Double-Bit Axe |
| 10:31 | Create | Villager (Male) |
| 10:49 | Create | Scout Cavalry |
| 10:55 | Create | Scout Cavalry |
| 10:56 | Create | Villager (Male) |
| 10:59 | Research | Horse Collar |
| 11:02 | Build | Farm |
| 11:04 | Create | Villager (Male) |
| 11:17 | Create | Villager (Male) |
| 11:27 | Build | Palisade Wall |
| 11:28 | Build | Palisade Wall |
| 11:33 | Build | Palisade Wall |
| 11:37 | Create | Villager (Male) |
| 11:54 | Create | Villager (Male) |
| 11:57 | Build | House |
| 12:04 | Build | Farm |
| 12:19 | Build | House |
| 12:21 | Build | Palisade Wall |
| 12:26 | Create | Scout Cavalry |
| 12:27 | Create | Scout Cavalry |
| 12:56 | Create | Scout Cavalry |
| 13:04 | Create | Scout Cavalry |
| 13:09 | Build | Farm |
| 13:11 | Build | Farm |
| 13:13 | Build | Farm |
| 13:20 | Create | Scout Cavalry |
| 13:25 | Create | Villager (Male) |
| 13:34 | Build | Palisade Wall |
| 13:44 | Create | Villager (Male) |
| 13:47 | Build | Blacksmith |
| 13:58 | Create | Spearman |
| 14:36 | Create | Scout Cavalry |
| 14:50 | Create | Villager (Male) |
| 14:53 | Build | Farm |
| 14:53 | Build | Farm |
| 14:53 | Build | Farm |
| 14:54 | Build | Farm |
| 14:57 | Research | Forging |
| 15:13 | Create | Villager (Male) |
| 15:16 | Build | Farm |
| 15:19 | Create | Scout Cavalry |
| 15:22 | Build | Farm |
| 15:24 | Build | Farm |
| 15:29 | Build | House |
| 15:34 | Create | Villager (Male) |
| 15:58 | Create | Villager (Male) |
| 16:06 | Build | Palisade Wall |
| 16:10 | Create | Villager (Male) |
| 16:16 | Create | Scout Cavalry |
| 16:25 | Create | Villager (Male) |
| 16:31 | Build | Stable |
| 16:50 | Research | Scale Barding Armor |
| 17:10 | Create | Scout Cavalry |
| 17:17 | Create | Villager (Male) |
| 17:22 | Build | Farm |
| 17:22 | Build | Farm |
| 17:22 | Build | Farm |
| 17:23 | Build | Farm |
| 17:23 | Build | Farm |
| 17:23 | Build | Farm |
| 17:38 | Build | Palisade Wall |
| 17:40 | Build | Farm |
| 17:41 | Create | Villager (Male) |
| 17:44 | Build | House |
| 18:03 | Build | Farm |
| 18:12 | Build | Farm |
| 18:41 | Create | Villager (Male) |
| 18:43 | Build | Farm |
| 18:46 | Build | Mining Camp |
| 18:47 | Create | Scout Cavalry |
| 18:48 | Create | Scout Cavalry |
| 19:09 | Create | Villager (Male) |
| 19:18 | Create | Villager (Male) |
| 19:50 | Build | House |
| 19:51 | Build | House |
| 19:53 | Create | Scout Cavalry |
| 19:53 | Create | Scout Cavalry |
| 20:10 | Create | Villager (Male) |
| 20:44 | Create | Villager (Male) |
| 20:44 | Create | Villager (Male) |
| 20:53 | Create | Scout Cavalry |
| 20:53 | Create | Scout Cavalry |
| 21:21 | Build | Farm |
| 21:25 | Build | Stable |
| 21:42 | Research | Castle Age |
| 21:47 | Create | Spearman |
| 21:49 | Build | House |
| 21:51 | Build | Palisade Wall |
| 21:53 | Research | Gold Mining |
| 22:10 | Build | House |
| 22:12 | Build | Palisade Wall |
| 22:18 | Create | Scout Cavalry |
| 23:10 | Build | Mining Camp |
| 23:38 | Build | Mining Camp |
| 24:07 | Age | Castle Age |
| 24:11 | Research | Light Cavalry (upgrade) |
| 24:14 | Research | Husbandry |
| 24:15 | Create | Villager (Male) |
| 24:20 | Research | Bloodlines |
| 24:44 | Create | Villager (Male) |
| 24:49 | Build | Town Center |
| 24:54 | Create | Villager (Male) |
| 25:11 | Build | Town Center |
| 25:12 | Create | Villager (Male) |
| 25:14 | Create | Knight |
| 25:14 | Create | Knight |
| 25:14 | Create | Knight |
| 25:29 | Create | Villager (Male) |
| 25:41 | Create | Knight |
| 26:01 | Create | Villager (Male) |
| 26:03 | Research | Bow Saw |
| 26:06 | Research | Chain Barding Armor |
| 26:36 | Create | Villager (Male) |
| 26:40 | Create | Villager (Male) |
| 26:44 | Create | Knight |
Build order — OS | Gr0uch0_
First 150 of 408 actions detected
| 0:02 | Create | Villager (Male) ×4 |
| 0:02 | Build | House |
| 0:04 | Build | House |
| 1:11 | Create | Villager (Male) |
| 1:25 | Build | Lumber Camp |
| 1:43 | Create | Villager (Male) |
| 1:57 | Create | Villager (Male) |
| 2:31 | Create | Villager (Male) |
| 2:41 | Create | Villager (Male) |
| 2:41 | Create | Villager (Male) |
| 3:01 | Build | House |
| 3:02 | Build | House |
| 3:19 | Create | Villager (Male) |
| 3:34 | Create | Villager (Male) |
| 3:54 | Create | Villager (Male) |
| 4:05 | Create | Villager (Male) |
| 4:39 | Build | Mining Camp |
| 5:01 | Create | Villager (Male) |
| 5:52 | Create | Villager (Male) |
| 5:56 | Research | Loom |
| 6:43 | Research | Feudal Age |
| 7:32 | Create | Villager (Male) |
| 7:33 | Create | Villager (Male) |
| 7:41 | Build | Barracks |
| 7:45 | Build | House |
| 8:51 | Build | Palisade Wall |
| 8:52 | Build | Palisade Wall |
| 8:53 | Age | Feudal Age |
| 8:56 | Build | Archery Range |
| 9:09 | Build | Archery Range |
| 9:17 | Create | Villager (Male) |
| 9:50 | Build | Palisade Wall |
| 9:52 | Create | Archer |
| 9:56 | Create | Villager (Male) |
| 10:03 | Create | Archer |
| 10:07 | Build | Blacksmith |
| 10:12 | Build | House |
| 10:14 | Create | Archer |
| 10:26 | Create | Villager (Male) |
| 10:28 | Create | Archer |
| 10:36 | Create | Archer |
| 10:43 | Build | Palisade Wall |
| 10:52 | Create | Archer |
| 10:53 | Create | Villager (Male) |
| 10:59 | Build | House |
| 11:07 | Build | Palisade Wall |
| 11:09 | Create | Archer |
| 11:13 | Create | Villager (Male) |
| 11:39 | Research | Fletching |
| 11:46 | Create | Archer |
| 11:51 | Build | Palisade Wall |
| 11:52 | Create | Archer |
| 12:15 | Build | Mill |
| 12:18 | Create | Archer |
| 12:37 | Create | Archer |
| 12:38 | Create | Villager (Male) |
| 12:45 | Create | Villager (Male) |
| 13:00 | Create | Archer |
| 13:00 | Create | Archer |
| 13:20 | Build | Farm |
| 13:22 | Build | Farm |
| 13:25 | Create | Archer |
| 13:32 | Create | Villager (Male) |
| 13:34 | Build | House |
| 14:14 | Create | Archer |
| 14:14 | Create | Archer |
| 14:15 | Create | Villager (Male) |
| 14:22 | Build | Farm |
| 14:27 | Create | Villager (Male) |
| 14:28 | Create | Archer |
| 14:29 | Create | Archer |
| 14:41 | Build | House |
| 14:42 | Create | Villager (Male) |
| 14:43 | Create | Archer |
| 14:43 | Create | Archer |
| 14:46 | Build | Farm |
| 15:06 | Create | Archer |
| 15:06 | Create | Archer |
| 15:07 | Create | Villager (Male) |
| 15:23 | Create | Archer |
| 15:24 | Create | Villager (Male) |
| 15:27 | Build | Farm |
| 15:29 | Build | Farm |
| 15:33 | Build | Farm |
| 15:34 | Create | Archer |
| 15:44 | Create | Villager (Male) |
| 15:55 | Create | Archer |
| 15:57 | Create | Villager (Male) |
| 16:01 | Build | Farm |
| 16:12 | Create | Archer |
| 16:13 | Create | Villager (Male) |
| 16:15 | Build | House |
| 16:16 | Build | House |
| 16:20 | Create | Villager (Male) |
| 16:24 | Build | House |
| 16:44 | Research | Padded Archer Armor |
| 16:49 | Create | Archer |
| 16:49 | Create | Archer |
| 17:04 | Create | Archer |
| 17:05 | Create | Villager (Male) |
| 17:08 | Build | Farm |
| 17:10 | Build | Farm |
| 17:11 | Create | Villager (Male) |
| 17:22 | Create | Villager (Male) |
| 17:30 | Create | Archer |
| 17:31 | Create | Villager (Male) |
| 17:39 | Build | House |
| 17:40 | Build | House |
| 17:41 | Create | Archer |
| 17:42 | Create | Villager (Male) |
| 18:15 | Create | Archer |
| 18:21 | Create | Villager (Male) |
| 18:24 | Build | Farm |
| 18:25 | Build | Farm |
| 18:28 | Create | Archer |
| 18:29 | Create | Villager (Male) |
| 18:36 | Create | Archer |
| 18:42 | Create | Archer |
| 18:42 | Create | Villager (Male) |
| 18:46 | Build | House |
| 18:47 | Build | House |
| 19:14 | Create | Archer |
| 19:14 | Create | Archer |
| 19:25 | Create | Villager (Male) |
| 19:30 | Build | Farm |
| 19:43 | Create | Archer |
| 19:45 | Create | Villager (Male) |
| 19:57 | Create | Archer |
| 20:11 | Build | Farm |
| 20:13 | Create | Villager (Male) |
| 20:24 | Create | Archer |
| 20:50 | Create | Archer |
| 21:09 | Research | Castle Age |
| 21:09 | Research | Castle Age |
| 21:13 | Research | Gold Mining |
| 21:13 | Research | Gold Mining |
| 21:21 | Research | Double-Bit Axe |
| 21:24 | Create | Archer |
| 21:24 | Create | Archer |
| 22:02 | Create | Archer |
| 22:03 | Create | Archer |
| 22:03 | Create | Archer |
| 22:06 | Research | Horse Collar |
| 22:12 | Create | Archer |
| 22:17 | Build | Lumber Camp |
| 22:49 | Create | Archer |
| 22:49 | Create | Archer |
| 22:49 | Create | Archer |
| 23:00 | Create | Archer |
| 23:35 | Create | Archer |
Build order — Msp
First 150 of 398 actions detected
| 0:00 | Create | Villager (Male) |
| 0:01 | Create | Villager (Male) |
| 0:01 | Create | Villager (Male) |
| 0:01 | Create | Villager (Male) |
| 0:02 | Build | House |
| 0:04 | Build | House |
| 1:29 | Create | Villager (Male) |
| 1:47 | Build | Lumber Camp |
| 2:00 | Create | Villager (Male) |
| 2:33 | Create | Villager (Male) |
| 2:34 | Create | Villager (Male) |
| 3:10 | Create | Villager (Male) |
| 3:28 | Build | Mill |
| 3:54 | Create | Villager (Male) |
| 4:11 | Create | Villager (Male) |
| 4:26 | Build | House |
| 4:38 | Create | Villager (Male) |
| 5:05 | Create | Villager (Male) |
| 5:05 | Create | Villager (Male) |
| 5:24 | Create | Villager (Male) |
| 5:53 | Create | Villager (Male) |
| 6:00 | Create | Villager (Male) |
| 6:00 | Research | Loom |
| 7:35 | Research | Feudal Age |
| 8:03 | Build | Lumber Camp |
| 8:10 | Create | Villager (Male) |
| 8:36 | Build | Barracks |
| 8:44 | Build | House |
| 9:04 | Create | Villager (Male) |
| 9:44 | Build | House |
| 9:49 | Age | Feudal Age |
| 9:51 | Build | Stable |
| 9:54 | Research | Double-Bit Axe |
| 10:14 | Create | Villager (Male) |
| 10:24 | Build | Palisade Wall |
| 10:31 | Build | House |
| 10:32 | Create | Scout Cavalry |
| 10:33 | Create | Scout Cavalry |
| 10:33 | Create | Scout Cavalry |
| 10:57 | Create | Villager (Male) |
| 10:58 | Create | Scout Cavalry |
| 11:02 | Build | Palisade Wall |
| 11:07 | Build | House |
| 11:08 | Build | House |
| 11:14 | Create | Villager (Male) |
| 11:35 | Create | Villager (Male) |
| 11:42 | Build | Palisade Wall |
| 11:53 | Create | Villager (Male) |
| 12:01 | Build | House |
| 12:02 | Build | House |
| 12:03 | Build | Palisade Wall |
| 12:09 | Create | Scout Cavalry |
| 12:27 | Build | Palisade Wall |
| 12:35 | Create | Villager (Male) |
| 12:44 | Build | Blacksmith |
| 12:48 | Create | Villager (Male) |
| 12:49 | Create | Scout Cavalry |
| 13:00 | Create | Villager (Male) |
| 13:19 | Create | Scout Cavalry |
| 13:22 | Create | Villager (Male) |
| 13:30 | Build | Mining Camp |
| 13:35 | Build | Palisade Wall |
| 13:42 | Create | Scout Cavalry |
| 14:17 | Research | Scale Barding Armor |
| 14:32 | Build | Palisade Wall |
| 14:45 | Create | Villager (Male) |
| 14:46 | Create | Villager (Male) |
| 14:48 | Create | Scout Cavalry |
| 14:55 | Build | Farm |
| 14:56 | Build | Farm |
| 14:57 | Build | Farm |
| 15:01 | Create | Villager (Male) |
| 15:20 | Create | Villager (Male) |
| 15:22 | Create | Scout Cavalry |
| 15:38 | Build | Mill |
| 15:43 | Create | Scout Cavalry |
| 15:43 | Create | Scout Cavalry |
| 16:01 | Build | Farm |
| 16:09 | Create | Villager (Male) |
| 16:11 | Create | Scout Cavalry |
| 16:11 | Create | Scout Cavalry |
| 16:25 | Build | Stable |
| 16:41 | Create | Villager (Male) |
| 16:41 | Create | Villager (Male) |
| 16:53 | Create | Scout Cavalry |
| 16:56 | Build | Mill |
| 17:08 | Build | Farm |
| 17:09 | Build | Farm |
| 17:12 | Create | Villager (Male) |
| 17:13 | Build | Farm |
| 17:36 | Research | Bloodlines |
| 17:39 | Create | Scout Cavalry |
| 17:41 | Build | Farm |
| 17:50 | Build | Farm |
| 17:51 | Build | Farm |
| 17:56 | Build | Farm |
| 17:57 | Build | Farm |
| 18:23 | Create | Villager (Male) |
| 18:23 | Create | Villager (Male) |
| 18:26 | Create | Scout Cavalry |
| 18:26 | Create | Scout Cavalry |
| 18:42 | Create | Villager (Male) |
| 18:45 | Build | House |
| 18:46 | Build | House |
| 18:46 | Build | House |
| 18:47 | Build | House |
| 19:27 | Create | Scout Cavalry |
| 19:28 | Create | Scout Cavalry |
| 19:34 | Create | Villager (Male) |
| 19:34 | Create | Villager (Male) |
| 19:55 | Build | Farm |
| 19:59 | Create | Villager (Male) |
| 20:07 | Build | Farm |
| 20:39 | Build | Market |
| 20:42 | Build | Palisade Wall |
| 20:48 | Build | House |
| 21:02 | Build | Palisade Wall |
| 21:09 | Research | Castle Age |
| 21:14 | Create | Scout Cavalry |
| 21:21 | Build | Farm |
| 21:22 | Build | Farm |
| 21:23 | Create | Villager (Male) |
| 21:36 | Research | Gold Mining |
| 21:57 | Research | Horse Collar |
| 22:05 | Create | Villager (Male) |
| 22:06 | Create | Scout Cavalry |
| 22:25 | Create | Scout Cavalry |
| 22:25 | Create | Scout Cavalry |
| 22:59 | Create | Scout Cavalry |
| 22:59 | Create | Scout Cavalry |
| 23:23 | Create | Villager (Male) |
| 23:25 | Create | Scout Cavalry |
| 23:25 | Create | Scout Cavalry |
| 23:49 | Age | Castle Age |
| 23:50 | Build | Lumber Camp |
| 23:52 | Research | Light Cavalry (upgrade) |
| 23:54 | Research | Chain Barding Armor |
| 24:08 | Create | Knight |
| 24:08 | Create | Knight |
| 24:39 | Create | Knight |
| 24:39 | Create | Knight |
| 24:39 | Create | Knight |
| 24:39 | Create | Knight |
| 24:58 | Create | Villager (Male) |
| 25:02 | Build | Town Center |
| 25:10 | Create | Villager (Male) |
| 25:16 | Build | Farm |
| 25:17 | Build | Farm |
| 25:26 | Create | Villager (Male) |
| 25:29 | Create | Knight |
Build order — Dark Horse
First 150 of 427 actions detected
| 0:00 | Create | Villager (Male) |
| 0:00 | Create | Villager (Male) |
| 0:00 | Create | Villager (Male) |
| 0:01 | Create | Villager (Male) |
| 0:02 | Build | House |
| 0:03 | Build | House |
| 0:08 | Create | Villager (Male) |
| 1:24 | Create | Villager (Male) |
| 1:43 | Build | Lumber Camp |
| 2:00 | Create | Villager (Male) |
| 2:14 | Create | Villager (Male) |
| 2:41 | Create | Villager (Male) |
| 2:53 | Build | Mill |
| 3:06 | Create | Villager (Male) |
| 3:06 | Create | Villager (Male) |
| 3:39 | Build | House |
| 3:52 | Create | Villager (Male) |
| 3:59 | Create | Villager (Male) |
| 3:59 | Create | Villager (Male) |
| 4:04 | Build | House |
| 4:06 | Build | Palisade Wall |
| 4:41 | Create | Villager (Male) |
| 4:50 | Create | Villager (Male) |
| 5:26 | Create | Villager (Male) |
| 5:45 | Create | Villager (Male) |
| 6:06 | Create | Villager (Male) |
| 6:44 | Research | Loom |
| 7:16 | Research | Feudal Age |
| 7:39 | Build | Barracks |
| 8:28 | Build | House |
| 8:35 | Build | Palisade Wall |
| 8:53 | Create | Villager (Male) |
| 9:20 | Age | Feudal Age |
| 9:23 | Build | Stable |
| 9:39 | Research | Double-Bit Axe |
| 9:39 | Create | Villager (Male) |
| 9:52 | Create | Villager (Male) |
| 10:05 | Create | Scout Cavalry |
| 10:06 | Create | Scout Cavalry |
| 10:13 | Build | House |
| 10:15 | Create | Villager (Male) |
| 10:39 | Create | Scout Cavalry |
| 10:41 | Create | Villager (Male) |
| 10:45 | Build | House |
| 10:57 | Create | Scout Cavalry |
| 11:21 | Create | Scout Cavalry |
| 11:22 | Create | Villager (Male) |
| 11:25 | Build | Blacksmith |
| 11:31 | Build | Palisade Gate |
| 11:33 | Create | Villager (Male) |
| 12:18 | Create | Villager (Male) |
| 12:20 | Create | Scout Cavalry |
| 12:22 | Build | Mining Camp |
| 12:29 | Research | Forging |
| 12:30 | Create | Villager (Male) |
| 12:35 | Build | House |
| 12:48 | Create | Villager (Male) |
| 13:01 | Build | Mill |
| 13:06 | Create | Villager (Male) |
| 13:07 | Build | House |
| 13:16 | Create | Scout Cavalry |
| 13:24 | Create | Villager (Male) |
| 13:29 | Build | House |
| 13:31 | Build | Palisade Wall |
| 13:32 | Build | Palisade Wall |
| 13:34 | Build | Palisade Wall |
| 13:38 | Build | Palisade Wall |
| 13:56 | Create | Scout Cavalry |
| 14:01 | Build | Farm |
| 14:03 | Build | Farm |
| 14:27 | Create | Scout Cavalry |
| 14:27 | Create | Scout Cavalry |
| 14:50 | Create | Scout Cavalry |
| 15:08 | Create | Villager (Male) |
| 15:09 | Create | Villager (Male) |
| 15:11 | Build | Farm |
| 15:12 | Build | Farm |
| 15:25 | Create | Villager (Male) |
| 15:28 | Build | Stable |
| 15:30 | Create | Villager (Male) |
| 15:31 | Create | Villager (Male) |
| 15:33 | Build | Farm |
| 15:37 | Build | Mill |
| 15:48 | Create | Villager (Male) |
| 15:57 | Research | Scale Barding Armor |
| 15:58 | Create | Scout Cavalry |
| 15:59 | Create | Villager (Male) |
| 16:22 | Build | Mill |
| 16:35 | Build | Lumber Camp |
| 16:36 | Create | Villager (Male) |
| 16:42 | Create | Scout Cavalry |
| 17:14 | Create | Scout Cavalry |
| 17:14 | Create | Scout Cavalry |
| 17:15 | Create | Villager (Male) |
| 17:15 | Create | Villager (Male) |
| 17:27 | Build | Farm |
| 17:29 | Build | Farm |
| 17:34 | Build | Farm |
| 17:35 | Create | Villager (Male) |
| 17:59 | Create | Villager (Male) |
| 18:02 | Build | Farm |
| 18:03 | Build | Farm |
| 18:05 | Create | Villager (Male) |
| 18:45 | Create | Scout Cavalry |
| 18:45 | Create | Scout Cavalry |
| 18:45 | Create | Villager (Male) |
| 18:45 | Create | Villager (Male) |
| 18:48 | Build | Farm |
| 18:51 | Build | Lumber Camp |
| 19:21 | Create | Villager (Male) |
| 19:22 | Create | Villager (Male) |
| 19:28 | Create | Scout Cavalry |
| 19:28 | Create | Scout Cavalry |
| 19:29 | Create | Villager (Male) |
| 19:29 | Create | Villager (Male) |
| 19:50 | Create | Villager (Male) |
| 19:52 | Build | Market |
| 20:02 | Build | Farm |
| 20:07 | Build | Farm |
| 20:11 | Build | Farm |
| 20:46 | Research | Castle Age |
| 21:05 | Research | Gold Mining |
| 22:31 | Create | Villager (Male) |
| 22:35 | Build | Stable |
| 23:12 | Age | Castle Age |
| 23:20 | Create | Knight |
| 23:20 | Create | Knight |
| 23:22 | Create | Knight |
| 23:22 | Create | Knight |
| 23:27 | Research | Bow Saw |
| 23:35 | Build | Town Center |
| 23:39 | Create | Villager (Male) |
| 23:44 | Create | Villager (Male) |
| 23:48 | Research | Gold Shaft Mining |
| 23:51 | Research | Wheelbarrow |
| 23:53 | Build | Farm |
| 23:56 | Build | House |
| 23:58 | Build | House |
| 24:00 | Build | Mining Camp |
| 24:15 | Create | Knight |
| 24:15 | Create | Knight |
| 24:17 | Research | Husbandry |
| 24:23 | Research | Chain Barding Armor |
| 24:25 | Create | Villager (Male) |
| 24:55 | Research | Bloodlines |
| 24:55 | Research | Bloodlines |
| 24:56 | Create | Villager (Male) |
| 25:00 | Create | Villager (Male) |
| 25:02 | Build | Farm |
| 25:03 | Build | Farm |
Build order — atchoubaka
First 150 of 303 actions detected
| 0:01 | Create | Villager (Male) |
| 0:01 | Create | Villager (Male) |
| 0:02 | Build | House |
| 0:03 | Build | House |
| 0:11 | Create | Villager (Male) |
| 0:22 | Create | Villager (Male) |
| 1:17 | Create | Villager (Male) |
| 1:38 | Create | Villager (Male) |
| 1:49 | Create | Villager (Male) |
| 2:20 | Create | Villager (Male) |
| 2:41 | Create | Villager (Male) |
| 3:01 | Create | Villager (Male) |
| 3:10 | Build | Lumber Camp |
| 3:22 | Create | Villager (Male) |
| 3:40 | Create | Villager (Male) |
| 3:48 | Build | House |
| 3:51 | Create | Villager (Male) |
| 3:52 | Create | Villager (Male) |
| 4:23 | Create | Villager (Male) |
| 4:40 | Create | Villager (Male) |
| 4:50 | Create | Villager (Male) |
| 5:13 | Build | Mining Camp |
| 5:15 | Create | Villager (Male) |
| 5:15 | Create | Villager (Male) |
| 5:34 | Research | Loom |
| 6:41 | Research | Feudal Age |
| 7:01 | Create | Villager (Male) |
| 7:12 | Create | Villager (Male) |
| 7:31 | Build | Barracks |
| 8:02 | Build | House |
| 8:25 | Create | Villager (Male) |
| 9:16 | Age | Feudal Age |
| 9:18 | Build | Archery Range |
| 9:23 | Build | Archery Range |
| 9:25 | Create | Villager (Male) |
| 9:32 | Create | Villager (Male) |
| 9:33 | Create | Villager (Male) |
| 9:33 | Create | Villager (Male) |
| 10:03 | Research | Double-Bit Axe |
| 10:18 | Build | Blacksmith |
| 10:20 | Create | Archer |
| 10:22 | Create | Villager (Male) |
| 10:23 | Create | Villager (Male) |
| 10:31 | Build | Palisade Wall |
| 10:34 | Create | Villager (Male) |
| 10:34 | Create | Villager (Male) |
| 10:42 | Build | House |
| 10:44 | Create | Archer |
| 10:44 | Create | Archer |
| 11:00 | Research | Fletching |
| 11:04 | Build | Palisade Wall |
| 11:12 | Build | Palisade Wall |
| 11:20 | Create | Archer |
| 11:20 | Create | Archer |
| 11:23 | Build | House |
| 11:49 | Build | Palisade Gate |
| 11:54 | Create | Archer |
| 11:55 | Create | Archer |
| 12:03 | Build | Mill |
| 12:14 | Create | Archer |
| 12:39 | Build | House |
| 12:40 | Build | Palisade Wall |
| 12:44 | Create | Archer |
| 12:54 | Create | Villager (Male) |
| 13:08 | Create | Archer |
| 13:08 | Create | Archer |
| 13:23 | Create | Villager (Male) |
| 13:49 | Build | House |
| 13:50 | Build | Palisade Wall |
| 14:20 | Build | Watch Tower |
| 14:32 | Create | Archer |
| 14:32 | Create | Archer |
| 14:45 | Build | House |
| 14:46 | Build | Palisade Wall |
| 14:54 | Create | Archer |
| 14:54 | Create | Archer |
| 15:11 | Create | Archer |
| 15:13 | Build | Farm |
| 15:13 | Build | Farm |
| 15:14 | Build | Farm |
| 15:14 | Build | Farm |
| 15:27 | Create | Archer |
| 15:57 | Create | Archer |
| 16:14 | Create | Archer |
| 16:16 | Research | Padded Archer Armor |
| 16:42 | Create | Archer |
| 17:07 | Create | Villager (Male) |
| 17:19 | Create | Villager (Male) |
| 17:31 | Build | House |
| 17:42 | Build | Farm |
| 17:46 | Create | Archer |
| 17:46 | Create | Archer |
| 17:53 | Build | House |
| 18:25 | Build | House |
| 18:53 | Create | Archer |
| 18:53 | Create | Archer |
| 19:09 | Create | Archer |
| 19:09 | Create | Archer |
| 19:20 | Create | Archer |
| 19:21 | Create | Villager (Male) |
| 19:45 | Build | Archery Range |
| 19:58 | Create | Villager (Male) |
| 19:58 | Create | Villager (Male) |
| 20:05 | Create | Archer |
| 20:05 | Create | Archer |
| 20:23 | Build | Archery Range |
| 20:30 | Create | Archer |
| 20:30 | Create | Archer |
| 20:30 | Create | Archer |
| 20:52 | Create | Archer |
| 20:53 | Create | Archer |
| 20:59 | Build | Farm |
| 21:00 | Build | Farm |
| 21:01 | Build | Farm |
| 21:27 | Create | Villager (Male) |
| 21:28 | Create | Villager (Male) |
| 21:28 | Create | Villager (Male) |
| 21:28 | Create | Villager (Male) |
| 21:28 | Create | Villager (Male) |
| 21:29 | Create | Villager (Male) |
| 21:32 | Build | House |
| 22:04 | Build | Market |
| 22:10 | Create | Archer |
| 22:11 | Create | Archer |
| 22:11 | Create | Archer |
| 22:11 | Create | Archer |
| 22:11 | Create | Archer |
| 23:05 | Create | Archer |
| 23:05 | Create | Archer |
| 23:05 | Create | Archer |
| 23:06 | Create | Archer |
| 23:24 | Create | Archer |
| 23:24 | Create | Archer |
| 23:35 | Create | Villager (Male) |
| 23:35 | Create | Villager (Male) |
| 23:38 | Create | Archer |
| 23:39 | Create | Archer |
| 23:41 | Create | Villager (Male) |
| 23:41 | Create | Villager (Male) |
| 24:04 | Research | Castle Age |
| 24:16 | Create | Archer |
| 24:17 | Create | Archer |
| 24:17 | Create | Archer |
| 25:06 | Build | House |
| 25:10 | Build | Palisade Wall |
| 25:44 | Build | Archery Range |
| 25:57 | Build | Farm |
| 26:13 | Build | Lumber Camp |
| 26:23 | Build | Mill |
| 26:24 | Build | Farm |
Build order — OS | Pierovic
First 150 of 428 actions detected
| 0:01 | Create | Villager (Male) |
| 0:01 | Create | Villager (Male) |
| 0:02 | Create | Villager (Male) |
| 0:02 | Create | Villager (Male) |
| 0:02 | Create | Villager (Male) |
| 0:03 | Build | House |
| 0:05 | Build | House |
| 1:27 | Create | Villager (Male) |
| 1:47 | Create | Villager (Male) |
| 1:50 | Build | Lumber Camp |
| 2:32 | Create | Villager (Male) |
| 2:32 | Create | Villager (Male) |
| 3:12 | Build | House |
| 3:24 | Create | Villager (Male) |
| 3:24 | Create | Villager (Male) |
| 3:33 | Create | Villager (Male) |
| 4:00 | Build | Mill |
| 4:10 | Create | Villager (Male) |
| 4:35 | Create | Villager (Male) |
| 4:56 | Create | Villager (Male) |
| 4:56 | Create | Villager (Male) |
| 5:17 | Research | Loom |
| 6:59 | Research | Feudal Age |
| 7:26 | Build | Barracks |
| 7:29 | Build | House |
| 8:34 | Create | Villager (Male) |
| 9:01 | Build | House |
| 9:02 | Build | Palisade Wall |
| 9:09 | Age | Feudal Age |
| 9:11 | Build | Stable |
| 9:14 | Create | Villager (Male) |
| 9:17 | Research | Double-Bit Axe |
| 9:44 | Create | Villager (Male) |
| 9:49 | Build | House |
| 9:52 | Build | Palisade Wall |
| 9:53 | Create | Scout Cavalry |
| 10:07 | Build | House |
| 10:09 | Build | Palisade Wall |
| 10:11 | Create | Villager (Male) |
| 10:35 | Build | Mill |
| 10:36 | Create | Villager (Male) |
| 10:38 | Create | Scout Cavalry |
| 10:57 | Create | Scout Cavalry |
| 11:16 | Build | Palisade Wall |
| 11:18 | Build | Palisade Wall |
| 11:20 | Build | Palisade Wall |
| 11:25 | Create | Scout Cavalry |
| 11:33 | Build | Farm |
| 11:34 | Build | Farm |
| 11:39 | Build | Farm |
| 11:41 | Build | Farm |
| 11:47 | Create | Villager (Male) |
| 12:01 | Create | Villager (Male) |
| 12:04 | Build | Farm |
| 12:06 | Create | Villager (Male) |
| 12:11 | Build | Palisade Wall |
| 12:23 | Build | House |
| 12:25 | Build | Palisade Wall |
| 12:37 | Create | Scout Cavalry |
| 12:37 | Create | Villager (Male) |
| 12:52 | Create | Villager (Male) |
| 12:55 | Build | Palisade Wall |
| 13:07 | Create | Villager (Male) |
| 13:28 | Create | Villager (Male) |
| 13:31 | Create | Scout Cavalry |
| 13:34 | Build | Blacksmith |
| 13:36 | Build | House |
| 13:39 | Build | Palisade Wall |
| 13:39 | Build | Palisade Wall |
| 14:00 | Create | Scout Cavalry |
| 14:01 | Create | Scout Cavalry |
| 14:16 | Create | Villager (Male) |
| 14:20 | Build | Farm |
| 14:29 | Research | Scale Barding Armor |
| 14:39 | Build | Farm |
| 14:43 | Build | Farm |
| 14:43 | Create | Villager (Male) |
| 14:55 | Create | Villager (Male) |
| 14:58 | Build | Farm |
| 15:22 | Create | Villager (Male) |
| 15:29 | Research | Forging |
| 15:37 | Create | Villager (Male) |
| 15:37 | Create | Villager (Male) |
| 15:39 | Build | Farm |
| 15:40 | Create | Villager (Male) |
| 15:45 | Build | Mining Camp |
| 15:58 | Create | Scout Cavalry |
| 15:59 | Create | Villager (Male) |
| 16:10 | Create | Villager (Male) |
| 16:42 | Create | Scout Cavalry |
| 17:02 | Create | Villager (Male) |
| 17:10 | Build | Farm |
| 17:13 | Build | Farm |
| 17:28 | Build | Farm |
| 17:35 | Create | Villager (Male) |
| 17:39 | Build | Farm |
| 17:41 | Build | Farm |
| 17:48 | Build | Farm |
| 17:50 | Build | Farm |
| 18:03 | Create | Villager (Male) |
| 18:05 | Build | Farm |
| 18:58 | Research | Castle Age |
| 19:13 | Build | Stable |
| 19:40 | Research | Bloodlines |
| 19:45 | Research | Horse Collar |
| 20:15 | Build | Stable |
| 20:30 | Build | Palisade Gate |
| 20:52 | Build | House |
| 20:53 | Build | House |
| 21:23 | Build | Farm |
| 21:38 | Age | Castle Age |
| 21:42 | Research | Light Cavalry (upgrade) |
| 21:42 | Research | Husbandry |
| 21:43 | Research | Husbandry |
| 21:53 | Create | Steppe Lancer |
| 21:53 | Create | Steppe Lancer |
| 21:54 | Create | Steppe Lancer |
| 21:59 | Create | Villager (Male) |
| 22:00 | Build | Farm |
| 22:02 | Build | Farm |
| 22:11 | Create | Steppe Lancer |
| 22:12 | Create | Steppe Lancer |
| 22:12 | Create | Steppe Lancer |
| 22:15 | Create | Villager (Male) |
| 22:16 | Build | Farm |
| 22:51 | Research | Chain Barding Armor |
| 22:58 | Create | Steppe Lancer |
| 22:58 | Create | Steppe Lancer |
| 23:06 | Build | Farm |
| 23:27 | Create | Steppe Lancer |
| 23:27 | Create | Steppe Lancer |
| 23:38 | Create | Steppe Lancer |
| 23:38 | Create | Steppe Lancer |
| 23:44 | Build | Lumber Camp |
| 23:57 | Create | Steppe Lancer |
| 23:57 | Create | Steppe Lancer |
| 24:19 | Create | Steppe Lancer |
| 24:32 | Create | Steppe Lancer |
| 24:32 | Create | Steppe Lancer |
| 24:36 | Create | Villager (Male) |
| 24:43 | Build | Farm |
| 24:43 | Build | Farm |
| 24:43 | Build | Farm |
| 24:44 | Build | Farm |
| 25:02 | Create | Steppe Lancer |
| 25:02 | Create | Steppe Lancer |
| 25:06 | Create | Villager (Male) |
| 25:10 | Build | Lumber Camp |
| 25:21 | Create | Steppe Lancer |
| 25:21 | Create | Steppe Lancer |
Build order — Evol_
First 150 of 398 actions detected
| 0:01 | Create | Villager (Male) |
| 0:01 | Create | Villager (Male) |
| 0:02 | Create | Villager (Male) |
| 0:02 | Create | Villager (Male) |
| 0:03 | Build | House |
| 0:04 | Build | House |
| 1:20 | Create | Villager (Male) |
| 1:41 | Create | Villager (Male) |
| 1:51 | Build | Lumber Camp |
| 2:19 | Create | Villager (Male) |
| 2:50 | Create | Villager (Male) |
| 3:25 | Create | Villager (Male) |
| 3:46 | Create | Villager (Male) |
| 4:11 | Build | Mill |
| 4:17 | Create | Villager (Male) |
| 4:34 | Create | Villager (Male) |
| 4:36 | Build | House |
| 5:03 | Create | Villager (Male) |
| 5:28 | Create | Villager (Male) |
| 5:42 | Build | Mill |
| 6:11 | Create | Villager (Male) |
| 6:12 | Create | Villager (Male) |
| 6:25 | Build | House |
| 6:30 | Create | Villager (Male) |
| 6:42 | Create | Villager (Male) |
| 6:53 | Create | Villager (Male) |
| 7:26 | Create | Villager (Male) |
| 7:41 | Build | Barracks |
| 7:59 | Create | Villager (Male) |
| 8:01 | Create | Villager (Male) |
| 8:02 | Build | House |
| 8:21 | Create | Villager (Male) |
| 8:28 | Build | House |
| 8:30 | Build | Palisade Wall |
| 8:31 | Build | Palisade Wall |
| 8:37 | Create | Villager (Male) |
| 8:41 | Build | House |
| 8:49 | Create | Militia |
| 8:56 | Create | Militia |
| 8:59 | Create | Villager (Male) |
| 9:08 | Create | Villager (Male) |
| 9:25 | Research | Loom |
| 9:26 | Research | Feudal Age |
| 9:41 | Build | Mining Camp |
| 9:46 | Create | Militia |
| 10:32 | Create | Villager (Male) |
| 11:09 | Create | Villager (Male) |
| 12:06 | Age | Feudal Age |
| 12:09 | Build | Archery Range |
| 12:13 | Build | Archery Range |
| 12:17 | Create | Villager (Male) |
| 12:24 | Research | Double-Bit Axe |
| 12:25 | Research | Double-Bit Axe |
| 12:28 | Build | House |
| 12:29 | Build | House |
| 12:30 | Build | Palisade Wall |
| 12:32 | Build | Palisade Wall |
| 12:33 | Build | Palisade Wall |
| 12:36 | Build | Palisade Wall |
| 12:37 | Build | Palisade Wall |
| 12:38 | Build | Palisade Wall |
| 12:39 | Build | Palisade Wall |
| 12:39 | Build | Palisade Wall |
| 12:52 | Create | Skirmisher |
| 13:02 | Build | Blacksmith |
| 13:04 | Build | House |
| 13:05 | Build | Palisade Wall |
| 13:06 | Build | Palisade Wall |
| 13:07 | Build | Palisade Wall |
| 13:08 | Create | Skirmisher |
| 13:09 | Create | Archer |
| 13:12 | Create | Villager (Male) |
| 13:23 | Create | Villager (Male) |
| 13:30 | Create | Archer ×3 |
| 13:44 | Create | Villager (Male) |
| 13:57 | Research | Fletching |
| 13:59 | Create | Villager (Male) |
| 14:03 | Create | Villager (Male) |
| 14:29 | Create | Villager (Male) |
| 14:30 | Create | Archer |
| 14:30 | Create | Archer |
| 14:34 | Build | House |
| 14:35 | Build | House |
| 14:36 | Build | Palisade Wall |
| 14:36 | Build | Palisade Wall |
| 14:45 | Build | Palisade Gate |
| 14:57 | Create | Skirmisher |
| 14:58 | Create | Archer |
| 15:01 | Create | Archer |
| 15:06 | Research | Padded Archer Armor |
| 15:18 | Create | Archer |
| 15:19 | Create | Villager (Male) |
| 15:34 | Create | Villager (Male) |
| 16:00 | Create | Villager (Male) |
| 16:02 | Create | Archer |
| 16:02 | Create | Archer |
| 16:22 | Build | Archery Range |
| 16:25 | Create | Archer |
| 16:36 | Create | Archer |
| 16:36 | Create | Archer |
| 16:57 | Create | Archer ×3 |
| 16:57 | Create | Archer ×3 |
| 16:57 | Create | Archer ×3 |
| 17:15 | Create | Villager (Male) |
| 17:17 | Create | Villager (Male) |
| 17:25 | Create | Archer |
| 17:54 | Build | Archery Range |
| 18:04 | Build | Lumber Camp |
| 18:05 | Create | Villager (Male) |
| 18:10 | Create | Archer |
| 18:27 | Create | Villager (Male) |
| 18:32 | Research | Castle Age |
| 18:52 | Create | Archer |
| 18:52 | Create | Archer |
| 19:10 | Create | Villager (Male) |
| 19:14 | Create | Archer |
| 19:15 | Create | Archer |
| 19:27 | Create | Archer |
| 19:53 | Create | Archer ×4 |
| 20:00 | Build | House |
| 20:08 | Build | House |
| 20:13 | Create | Archer ×2 |
| 20:13 | Create | Archer ×2 |
| 20:24 | Create | Archer |
| 20:24 | Create | Archer ×3 |
| 20:24 | Create | Archer ×2 |
| 20:32 | Build | House |
| 20:48 | Build | House |
| 21:06 | Create | Archer ×4 |
| 21:06 | Create | Archer ×4 |
| 21:12 | Age | Castle Age |
| 21:20 | Research | Crossbowman (upgrade) |
| 21:20 | Research | Thumb Ring |
| 21:27 | Create | Villager (Male) |
| 21:28 | Create | Villager (Male) |
| 21:58 | Create | Villager (Male) |
| 22:06 | Build | Farm |
| 22:08 | Build | Farm |
| 22:15 | Create | Archer ×5 |
| 22:16 | Build | Farm |
| 22:28 | Create | Villager (Male) |
| 22:32 | Create | Archer ×4 |
| 22:33 | Create | Archer ×4 |
| 22:44 | Build | University |
| 22:49 | Research | Bodkin Arrow |
| 22:52 | Create | Archer |
| 22:52 | Create | Archer ×2 |
| 22:54 | Create | Villager (Male) |
| 23:09 | Create | Villager (Male) |
| 23:21 | Create | Archer |
Build order — Boost'Hate John
First 150 of 286 actions detected
| 0:01 | Create | Villager (Male) |
| 0:01 | Create | Villager (Male) |
| 0:02 | Build | House |
| 0:03 | Build | House |
| 0:48 | Create | Villager (Male) |
| 0:48 | Create | Villager (Male) |
| 0:48 | Create | Villager (Male) |
| 1:22 | Create | Villager (Male) |
| 1:45 | Build | Lumber Camp |
| 2:02 | Create | Villager (Male) |
| 2:31 | Create | Villager (Male) |
| 2:44 | Create | Villager (Male) |
| 3:12 | Create | Villager (Male) |
| 3:36 | Create | Villager (Male) |
| 3:48 | Build | Mill |
| 4:04 | Create | Villager (Male) |
| 4:18 | Build | House |
| 4:19 | Create | Villager (Male) |
| 4:19 | Create | Villager (Male) |
| 4:43 | Create | Villager (Male) |
| 4:50 | Build | House |
| 4:59 | Create | Villager (Male) |
| 4:59 | Create | Villager (Male) |
| 5:57 | Create | Villager (Male) |
| 5:57 | Research | Loom |
| 6:48 | Build | Mining Camp |
| 7:16 | Research | Feudal Age |
| 8:19 | Create | Villager (Male) |
| 8:20 | Create | Villager (Male) |
| 8:42 | Build | Barracks |
| 9:26 | Age | Feudal Age |
| 9:36 | Create | Villager (Male) |
| 9:38 | Build | Archery Range |
| 10:11 | Create | Villager (Male) |
| 10:25 | Build | Palisade Wall |
| 10:31 | Create | Villager (Male) |
| 10:40 | Create | Archer |
| 10:47 | Build | House |
| 10:53 | Build | Archery Range |
| 11:00 | Create | Villager (Male) |
| 11:09 | Create | Archer |
| 11:24 | Build | Palisade Wall |
| 11:36 | Create | Villager (Male) |
| 11:58 | Create | Archer |
| 11:58 | Create | Archer |
| 12:01 | Build | House |
| 12:08 | Create | Villager (Male) |
| 12:18 | Build | House |
| 12:28 | Create | Archer |
| 12:28 | Create | Archer |
| 12:37 | Create | Villager (Male) |
| 12:50 | Build | Blacksmith |
| 12:58 | Create | Archer |
| 13:03 | Create | Archer |
| 13:11 | Create | Villager (Male) |
| 13:17 | Build | Farm |
| 13:24 | Build | Mill |
| 13:29 | Create | Archer |
| 13:30 | Create | Villager (Male) |
| 13:39 | Build | House |
| 14:03 | Research | Fletching |
| 14:04 | Create | Archer |
| 14:04 | Create | Archer |
| 14:34 | Create | Archer |
| 14:35 | Create | Archer |
| 14:35 | Create | Villager (Male) |
| 14:56 | Create | Spearman |
| 14:58 | Create | Villager (Male) |
| 15:18 | Build | House |
| 15:23 | Create | Archer |
| 15:23 | Create | Archer |
| 15:27 | Create | Villager (Male) |
| 15:51 | Build | House |
| 15:54 | Build | Palisade Wall |
| 15:57 | Create | Archer |
| 16:04 | Create | Villager (Male) |
| 16:05 | Create | Archer |
| 16:05 | Create | Archer |
| 16:30 | Create | Archer |
| 16:30 | Create | Archer |
| 16:31 | Create | Villager (Male) |
| 16:31 | Create | Villager (Male) |
| 17:00 | Create | Archer |
| 17:00 | Create | Archer |
| 17:15 | Create | Archer |
| 17:16 | Create | Villager (Male) |
| 17:16 | Create | Villager (Male) |
| 17:17 | Build | House |
| 17:32 | Research | Padded Archer Armor |
| 17:45 | Build | House |
| 17:53 | Research | Double-Bit Axe |
| 17:53 | Research | Double-Bit Axe |
| 17:59 | Create | Villager (Male) |
| 18:02 | Build | Farm |
| 18:03 | Build | Farm |
| 18:04 | Create | Archer |
| 18:04 | Create | Archer |
| 18:20 | Build | House |
| 18:33 | Create | Spearman |
| 18:34 | Create | Spearman |
| 18:45 | Build | House |
| 18:47 | Build | House |
| 18:49 | Build | Palisade Wall |
| 18:57 | Create | Spearman |
| 18:59 | Create | Archer |
| 18:59 | Create | Archer |
| 19:01 | Create | Villager (Male) |
| 19:24 | Create | Villager (Male) |
| 19:34 | Build | Farm |
| 19:35 | Build | Farm |
| 19:48 | Create | Villager (Male) |
| 19:48 | Create | Villager (Male) |
| 20:14 | Build | Farm |
| 20:16 | Create | Villager (Male) |
| 20:19 | Build | Farm |
| 20:48 | Build | Farm |
| 20:48 | Build | Farm |
| 20:51 | Create | Villager (Male) |
| 21:01 | Build | House |
| 21:02 | Build | Palisade Wall |
| 21:04 | Build | House |
| 21:05 | Build | Palisade Wall |
| 21:06 | Build | Palisade Wall |
| 21:25 | Create | Villager (Male) |
| 21:44 | Build | Market |
| 21:45 | Create | Villager (Male) |
| 21:59 | Create | Archer |
| 21:59 | Create | Archer |
| 22:30 | Build | Lumber Camp |
| 22:44 | Build | House |
| 22:48 | Build | Palisade Wall |
| 22:59 | Research | Castle Age |
| 23:04 | Build | Archery Range |
| 23:06 | Create | Archer |
| 23:06 | Create | Archer |
| 23:14 | Build | House |
| 23:32 | Create | Archer |
| 23:32 | Create | Archer |
| 23:39 | Build | Watch Tower |
| 24:12 | Create | Archer ×2 |
| 24:46 | Create | Archer |
| 24:49 | Create | Archer ×5 |
| 25:14 | Research | Gold Mining |
| 25:32 | Build | Palisade Wall |
| 25:39 | Age | Castle Age |
| 25:43 | Research | Crossbowman (upgrade) |
| 25:52 | Research | Bodkin Arrow |
| 26:11 | Create | Villager (Male) |
| 26:21 | Build | University |
| 26:27 | Create | Archer ×5 |
Match timeline
| 4:06 | Dark Horse · wall_segment Palisade Wall x1 |
| 7:26 | OS | Pierovic · first_building Barracks |
| 7:31 | atchoubaka · first_building Barracks |
| 7:39 | Dark Horse · first_building Barracks |
| 7:41 | OS | Gr0uch0_ · first_building Barracks |
| 7:41 | Evol_ · first_building Barracks |
| 8:30 | Evol_ · wall_segment Palisade Wall x1 |
| 8:31 | Evol_ · wall_segment Palisade Wall x1 |
| 8:35 | Dark Horse · wall_segment Palisade Wall x6 |
| 8:36 | Msp · first_building Barracks |
| 8:42 | Boost'Hate John · first_building Barracks |
| 8:51 | OS | Gr0uch0_ · wall_segment Palisade Wall x1 |
| 8:52 | OS | Gr0uch0_ · wall_segment Palisade Wall x1 |
| 8:53 | OS | Gr0uch0_ · age_up feudal |
| 8:56 | OS | Gr0uch0_ · first_building Archery Range |
| 9:02 | OS | Pierovic · wall_segment Palisade Wall x1 |
| 9:09 | OS | Pierovic · age_up feudal |
| 9:11 | g2b · first_building Barracks |
| 9:11 | OS | Pierovic · first_building Stable |
| 9:13 | g2b · wall_segment Palisade Wall x4 |
| 9:16 | atchoubaka · age_up feudal |
| 9:18 | atchoubaka · first_building Archery Range |
| 9:20 | Dark Horse · age_up feudal |
| 9:23 | Dark Horse · first_building Stable |
| 9:26 | Boost'Hate John · age_up feudal |
| 9:38 | Boost'Hate John · first_building Archery Range |
| 9:49 | Msp · age_up feudal |
| 9:50 | OS | Gr0uch0_ · wall_segment Palisade Wall x5 |
| 9:51 | Msp · first_building Stable |
| 9:52 | OS | Pierovic · wall_segment Palisade Wall x11 |
| 10:07 | g2b · age_up feudal |
| 10:09 | OS | Pierovic · wall_segment Palisade Wall x1 |
| 10:13 | g2b · first_building Stable |
| 10:24 | Msp · wall_segment Palisade Wall x10 |
| 10:25 | Boost'Hate John · wall_segment Palisade Wall x1 |
| 10:31 | atchoubaka · wall_segment Palisade Wall x1 |
| 10:43 | OS | Gr0uch0_ · wall_segment Palisade Wall x6 |
| 11:02 | Msp · wall_segment Palisade Wall x1 |
| 11:04 | atchoubaka · wall_segment Palisade Wall x5 |
| 11:07 | OS | Gr0uch0_ · wall_segment Palisade Wall x6 |
| 11:12 | atchoubaka · wall_segment Palisade Wall x3 |
| 11:16 | OS | Pierovic · wall_segment Palisade Wall x12 |
| 11:18 | OS | Pierovic · wall_segment Palisade Wall x7 |
| 11:20 | OS | Pierovic · wall_segment Palisade Wall x4 |
| 11:24 | Boost'Hate John · wall_segment Palisade Wall x1 |
| 11:27 | g2b · wall_segment Palisade Wall x1 |
| 11:28 | g2b · wall_segment Palisade Wall x5 |
| 11:33 | g2b · wall_segment Palisade Wall x7 |
| 11:42 | Msp · wall_segment Palisade Wall x1 |
| 11:51 | OS | Gr0uch0_ · wall_segment Palisade Wall x8 |
| 12:03 | Msp · wall_segment Palisade Wall x2 |
| 12:06 | Evol_ · age_up feudal |
| 12:09 | Evol_ · first_building Archery Range |
| 12:11 | OS | Pierovic · wall_segment Palisade Wall x9 |
| 12:21 | g2b · wall_segment Palisade Wall x2 |
| 12:25 | OS | Pierovic · wall_segment Palisade Wall x1 |
| 12:27 | Msp · wall_segment Palisade Wall x16 |
| 12:30 | Evol_ · wall_segment Palisade Wall x5 |
| 12:32 | Evol_ · wall_segment Palisade Wall x1 |
| 12:33 | Evol_ · wall_segment Palisade Wall x1 |
| 12:36 | Evol_ · wall_segment Palisade Wall x1 |
| 12:37 | Evol_ · wall_segment Palisade Wall x1 |
| 12:38 | Evol_ · wall_segment Palisade Wall x1 |
| 12:39 | Evol_ · wall_segment Palisade Wall x1 |
| 12:39 | Evol_ · wall_segment Palisade Wall x1 |
| 12:40 | atchoubaka · wall_segment Palisade Wall x7 |
| 12:55 | OS | Pierovic · wall_segment Palisade Wall x1 |
| 13:05 | Evol_ · wall_segment Palisade Wall x1 |
| 13:06 | Evol_ · wall_segment Palisade Wall x1 |
| 13:07 | Evol_ · wall_segment Palisade Wall x1 |
| 13:31 | Dark Horse · wall_segment Palisade Wall x1 |
| 13:32 | Dark Horse · wall_segment Palisade Wall x1 |
| 13:34 | Dark Horse · wall_segment Palisade Wall x1 |
| 13:34 | g2b · wall_segment Palisade Wall x3 |
| 13:35 | Msp · wall_segment Palisade Wall x5 |
| 13:38 | Dark Horse · wall_segment Palisade Wall x9 |
| 13:39 | OS | Pierovic · wall_segment Palisade Wall x1 |
| 13:39 | OS | Pierovic · wall_segment Palisade Wall x1 |
| 13:50 | atchoubaka · wall_segment Palisade Wall x1 |
| 14:32 | Msp · wall_segment Palisade Wall x8 |
| 14:36 | Evol_ · wall_segment Palisade Wall x1 |
| 14:36 | Evol_ · wall_segment Palisade Wall x1 |
| 14:46 | atchoubaka · wall_segment Palisade Wall x8 |
| 15:54 | Boost'Hate John · wall_segment Palisade Wall x4 |
| 16:06 | g2b · wall_segment Palisade Wall x7 |
| 17:38 | g2b · wall_segment Palisade Wall x1 |
| 18:49 | Boost'Hate John · wall_segment Palisade Wall x1 |
| 20:41 | Dark Horse · first_market_buy 100 food |
| 20:42 | Msp · wall_segment Palisade Wall x1 |
| 21:02 | Msp · wall_segment Palisade Wall x1 |
| 21:02 | Boost'Hate John · wall_segment Palisade Wall x1 |
| 21:05 | Boost'Hate John · wall_segment Palisade Wall x1 |
| 21:06 | Boost'Hate John · wall_segment Palisade Wall x1 |
| 21:12 | Evol_ · age_up castle |
| 21:38 | OS | Pierovic · age_up castle |
| 21:51 | g2b · wall_segment Palisade Wall x4 |
| 22:12 | g2b · wall_segment Palisade Wall x1 |
| 22:48 | Boost'Hate John · wall_segment Palisade Wall x1 |
| 22:58 | Boost'Hate John · first_market_buy 100 food |
| 23:12 | Dark Horse · age_up castle |
| 23:49 | OS | Gr0uch0_ · age_up castle |
| 23:49 | Msp · age_up castle |
| 24:07 | g2b · age_up castle |
| 24:21 | Dark Horse · first_market_sell 100 food |
| 24:48 | Boost'Hate John · first_market_sell 100 wood |
| 25:10 | atchoubaka · wall_segment Palisade Wall x1 |
| 25:32 | Boost'Hate John · wall_segment Palisade Wall x1 |
| 25:39 | Boost'Hate John · age_up castle |
| 26:44 | atchoubaka · age_up castle |
| 27:08 | g2b · first_building Monastery |
| 27:46 | atchoubaka · first_market_buy 100 stone |
| 31:11 | Dark Horse · first_building Monastery |
| 31:51 | OS | Gr0uch0_ · first_market_sell 100 food |
| 31:52 | OS | Gr0uch0_ · first_market_buy 100 wood |
| 35:56 | Msp · first_market_buy 100 stone |
| 36:10 | Evol_ · first_market_buy 100 food |
| 36:15 | Evol_ · first_building Monastery |
| 36:15 | Msp · first_market_sell 100 wood |
| 36:19 | Boost'Hate John · first_building Monastery |
| 37:42 | OS | Gr0uch0_ · first_building Monastery |
| 38:19 | atchoubaka · wall_segment Palisade Wall x1 |
| 38:20 | atchoubaka · wall_segment Palisade Wall x1 |
| 38:24 | OS | Gr0uch0_ · tribute_sent a jugador 2 |
| 38:24 | OS | Gr0uch0_ · tribute_sent a jugador 3 |
| 38:24 | OS | Gr0uch0_ · tribute_sent a jugador 4 |
| 38:24 | OS | Gr0uch0_ · tribute_sent a jugador 5 |
| 38:24 | OS | Gr0uch0_ · tribute_sent a jugador 6 |
| 38:24 | OS | Gr0uch0_ · tribute_sent a jugador 7 |
| 38:24 | OS | Gr0uch0_ · tribute_sent a jugador 8 |
| 38:27 | Evol_ · first_market_sell 500 stone |
| 39:02 | OS | Pierovic · first_building Castle |
| 39:35 | OS | Gr0uch0_ · first_building Castle |
| 39:50 | Evol_ · age_up imperial |
| 39:52 | OS | Pierovic · first_building Monastery |
| 40:38 | atchoubaka · first_market_sell 500 stone |
| 41:02 | OS | Gr0uch0_ · tribute_sent a jugador 2 |
| 41:02 | OS | Gr0uch0_ · tribute_sent a jugador 3 |
| 41:02 | OS | Gr0uch0_ · tribute_sent a jugador 4 |
| 41:02 | OS | Gr0uch0_ · tribute_sent a jugador 5 |
| 41:02 | OS | Gr0uch0_ · tribute_sent a jugador 6 |
| 41:02 | OS | Gr0uch0_ · tribute_sent a jugador 7 |
| 41:02 | OS | Gr0uch0_ · tribute_sent a jugador 8 |
| 41:18 | OS | Pierovic · first_building Archery Range |
| 41:19 | Boost'Hate John · age_up imperial |
| 41:22 | OS | Gr0uch0_ · age_up imperial |
| 41:32 | Dark Horse · age_up imperial |
| 42:02 | Msp · first_building Monastery |
| 42:03 | Evol_ · first_building Castle |
| 43:21 | Boost'Hate John · resign |
| 43:32 | g2b · age_up imperial |
| 44:04 | OS | Pierovic · age_up imperial |
[ AI ANALYSIS · 1 CREDIT ]
What really happened in this match?
Wolo.gg analyzes every decision: build order, eco, micro, common mistakes by bracket. Personalized analysis on WhatsApp or Discord in 30 seconds.
Civ guide
Persians
Map guide
MegaRandom
Perfil
Jugador #281854